AoeStats
← GordonFriman681

Arabia

510429633Analyzed
3v3 RM · 1d ago on Oct 1, 2026· 52m 57s· 6 players
Game mode
Random Map
Map size
Normal (6 player)
Population
200
Speed
Normal
Resources
Standard
Victory
Conquest
Starting age
Dark Age
Ending age
Imperial Age
RankedLock teamsTeams togetherTeam positionsShared explorationLock speedFull tech treeHidden civsTurbo modeCheats
Victory
Defeat
🇧🇷 Vikings · Brazil
747
+12
🇦🇷 Bulgarians · Argentina
746
+12
🇦🇷 Khmer · Argentina
729
+13
🇨🇦 Vietnamese · Canada
676
-13
🇨🇦 Hindustanis · Canada
672
-12
🇧🇷 Franks · Brazil
644
-12
RiskyEh
0:31 Loom
13:07 Feudal Age
17:14 Town Watch
26:34 Castle Age
24:56 Padded Archer Armor
28:00 Wheelbarrow
27:50 Elite Skirmisher
29:57 Husbandry
30:07 Bloodlines
30:44 Scale Barding Armor
32:27 Chatras
36:15 Chain Barding Armor
36:06 Forging
40:40 Imperial Age
38:37 Hand Cart
42:56 Iron Casting
42:32 Thumb Ring
43:49 Paper Money
44:35 Plate Barding Armor
45:48 Elite Battle Elephant
46:44 Imperial Skirmisher
53:32 Leather Archer Armor
53:08 Fletching
[MCC] Bacteria-Am
TrezÉtranj
9:42 Loom
11:42 Feudal Age
13:37 Double-Bit Axe
17:18 Scale Barding Armor
18:02 Horse Collar
21:18 Castle Age
20:17 Forging
20:38 Gold Mining
20:41 Stone Mining
26:49 Fletching
33:03 Town Watch
34:36 Town Patrol
39:33 Imperial Age
38:40 Husbandry
38:21 Pikeman
41:34 Masonry
44:42 Bloodlines
44:02 Light Cavalry
45:26 Scale Mail Armor
47:16 Chain Mail Armor
53:48 Chemistry
Dg
0:48 Loom
15:04 Feudal Age
20:54 Castle Age
21:05 Double-Bit Axe
21:43 Fletching
21:57 Padded Archer Armor
21:33 Man-at-Arms
22:32 Forging
25:26 Long Swordsman
26:05 Crossbowman
27:37 Horse Collar
28:59 Heavy Plow
31:29 Gold Mining
32:18 Bow Saw
32:50 Arson
33:43 Squires
37:49 Imperial Age
39:00 Conscription
38:03 Two-Handed Swordsman
39:21 Iron Casting
38:46 Scale Mail Armor
39:14 Town Watch
39:09 Capped Ram
40:32 Crop Rotation
42:24 Blast Furnace
41:44 Chain Mail Armor
41:25 Bodkin Arrow
45:51 Plate Mail Armor
46:39 Bracer
46:04 Arbalester
48:35 Gold Shaft Mining
48:24 Elite Berserk
50:05 Leather Archer Armor
51:16 Bogsveigar
51:18 Chieftains
PANXIDIESREY
5:20 Loom
12:54 Feudal Age
17:26 Castle Age
16:41 Forging
16:32 Scale Mail Armor
16:52 Horse Collar
17:02 Double-Bit Axe
21:09 Chain Mail Armor
22:30 Arson
24:49 Wheelbarrow
25:07 Iron Casting
28:31 Hand Cart
28:56 Fletching
30:24 Bow Saw
31:10 Bodkin Arrow
33:36 Gold Mining
33:40 Town Watch
34:04 Scale Barding Armor
35:03 Chain Barding Armor
35:00 Pikeman
35:42 Squires
36:34 Padded Archer Armor
37:57 Gold Shaft Mining
41:41 Imperial Age
39:12 Town Patrol
41:06 Stone Mining
41:44 Elite Konnik
42:21 Stirrups
42:47 Conscription
42:34 Bagains
43:05 Herbal Medicine
44:28 Blast Furnace
44:06 Plate Barding Armor
44:03 Plate Mail Armor
43:34 Bracer
42:59 Capped Ram
44:13 Ballistics
44:54 Chemistry
44:40 Siege Engineers
44:28 Halberdier
45:37 Masonry
45:23 Murder Holes
47:23 Leather Archer Armor
46:53 Siege Ram
48:51 Gambesons
GordonFriman681
11:50 Feudal Age
12:43 Double-Bit Axe
12:42 Horse Collar
18:29 Castle Age
17:37 Gold Mining
19:37 Loom
22:14 Forging
22:11 Scale Barding Armor
23:23 Bloodlines
27:26 Tusk Swords
30:13 Chain Barding Armor
30:30 Iron Casting
29:47 Fletching
30:25 Caravan
31:45 Ballistics
32:10 Wheelbarrow
33:17 Husbandry
33:53 Heavy Plow
39:22 Fletching
39:35 Padded Archer Armor
Connection lost

Rejoining the realm…

Still unreachable

The connection could not be restored.

Session expired

The server has moved on; the page needs a fresh start.